AoeStats
← Hsgdup!!!!

Four Lakes

508517941Analyzed
1v1 RM · 10d ago on Sep 22, 2026· 48m 8s· 2 players
Game mode
Random Map
Map size
Tiny (2 player)
Population
200
Speed
Normal
Resources
Standard
Victory
Conquest
Starting age
Dark Age
Ending age
Imperial Age
RankedLock teamsTeams togetherTeam positionsShared explorationLock speedFull tech treeHidden civsTurbo modeCheats
Victory
Defeat
🇲🇽 Vikings · Mexico
987
+14
🇦🇷 Sicilians · Argentina
947
-14
Winnie The Pooh
10:23 Feudal Age
10:57 Loom
11:31 Man-at-Arms
12:15 Double-Bit Axe
14:26 Arson
15:20 Scale Mail Armor
16:41 Fishing Lines
17:27 Forging
24:19 Castle Age
24:00 Stone Mining
24:30 Long Swordsman
25:11 Squires
25:08 Crossbowman
29:21 Gold Mining
30:33 Bow Saw
34:17 Gold Shaft Mining
34:58 Fletching
35:43 Bodkin Arrow
37:14 Ballistics
37:40 Gillnets
41:23 Iron Casting
46:40 Fervor
49:53 Imperial Age
Hsgdup!!!!
12:04 Loom
13:49 Feudal Age
12:16 Loom
17:16 Double-Bit Axe
18:00 Gold Mining
18:51 Scale Mail Armor
24:07 Castle Age
23:42 Forging
30:58 Chain Mail Armor
33:35 Iron Casting
36:55 Elite Skirmisher
37:51 Fishing Lines
38:24 Fletching
39:55 Bodkin Arrow
40:42 Gillnets
47:35 Husbandry
Connection lost

Rejoining the realm…

Still unreachable

The connection could not be restored.

Session expired

The server has moved on; the page needs a fresh start.